 Dungeon Crawl Stone Soup version 0.21.1-1-g345015f (webtiles) character file.

78 LairdRich the Chopper (level 4, -2/60 HPs)
             Began as a Minotaur Berserker on June 13, 2018.
             Was a Believer of Trog.
             Slain by an ooze (5 damage)
             ... on level 2 of the Dungeon.
             The game lasted 00:08:42 (1504 turns).

LairdRich the Chopper (Minotaur Berserker)          Turns: 1504, Time: 00:08:43

Health: -2/60      AC: -1    Str: 27    XL:     4   Next: 15%
Magic:  3/3        EV: 12    Int:  4    God:    Trog [**....]
Gold:   123        SH:  0    Dex: 10    Spells: 3/3 levels left

rFire    . . .     SeeInvis .   a - +1 hand axe
rCold    . . .     Gourm    .   (no shield)
rNeg     . . .     Faith    .   e - +0 ring mail (curse)
rPois    +         Spirit   .   (helmet restricted)
rElec    .         Reflect  .   u - +0 cloak
rCorr    .         Harm     .   (no gloves)
MR       .....                  (no boots)
Stlth    ..........             (no amulet)
HPRegen  0.20/turn              i - +2 ring of slaying
MPRegen  0.08/turn              o - ring of poison resistance

@: berserking, corroded, very quick
A: retaliatory headbutt, horns 2
a: Berserk, Trog's Hand, Burn Spellbooks, Renounce Religion


You were on level 2 of the Dungeon.
You worshipped Trog.
Trog was pleased with you.
You were hungry.

You visited 1 branch of the dungeon, and saw 2 of its levels.

You collected 123 gold pieces.

Inventory:

Hand Weapons
 a - a +1 hand axe (weapon)
Missiles
 n - 12 tomahawks (quivered)
Armour
 b - a +0 animal skin
 e - a cursed +0 ring mail (worn)
 u - a +0 cloak (worn)
Jewellery
 i - a +2 ring of slaying (left hand)
 o - a ring of poison resistance (right hand)
 p - an uncursed ring of fire {unknown}
Scrolls
 f - 4 scrolls of enchant weapon
 k - 3 scrolls of identify {unknown}
 l - 2 scrolls of fear {unknown}
 t - a scroll of blinking {unknown}
Potions
 d - a potion of resistance {unknown}
 g - a potion of mutation {unknown}
 h - 3 potions of curing {unknown}
 j - a potion of degeneration {unknown}
 q - 2 potions of flight {unknown}
 r - a potion of heal wounds {unknown}
 s - a potion of cancellation {unknown}
Comestibles
 c - 6 rations
 m - a chunk of flesh


   Skills:
 + Level 4.2 Fighting
 * Level 4.7 Axes
 + Level 3.2 Armour
 + Level 2.9 Dodging


You had 3 spell levels left.
You didn't know any spells.

Dungeon Overview and Level Annotations

Branches:
Dungeon (2/15)

Altars:


Innate Abilities, Weirdness & Mutations

You reflexively headbutt those who attack you in melee.
You have a pair of horns on your head.


Message History

You kill the ooze!
Trog accepts your kill.
You hit the ooze but do no damage. You hit the jelly.
Your hands burn!
The jelly hits you. The acid corrodes you!
You are splashed with acid!
The acid burns!
* * * LOW HITPOINT WARNING * * *
The ooze misses you.
The ooze hits the fungus.
The jelly hits the fungus but does no damage.
A red film seems to cover your vision as you go berserk!
You feel yourself moving faster!
You feel mighty!
You are feeling hungry.
The jelly hits you.
* * * LOW HITPOINT WARNING * * *
You are splashed with acid!
The acid burns!
* * * LOW HITPOINT WARNING * * *
The ooze closely misses you. You furiously retaliate!
You headbutt the ooze!
You kill the ooze!
Trog accepts your kill. The ooze hits you.
You die...

..........# #........# #........#
..........# #........# #........#
......(...# #........# #........#
#'#.......# ###)#########...###.#
#.........# #.........'...# #.#
.#..###### ###########...# #.#
....# ########...# #.# .#..#
##########JJ....##...# #.#
....####......##@JJ..P÷##.#####.#
.#...##.......#.#.J....##.....#.#
.....'........#.#PJPP..##...#....
.#...'........#.#JJ....##...#....
..#..'......#'#)#.÷....##...#(...
.##((##.....#.#.#÷.....##...#....
.##.(###....#.#.#.....P##...#.#..
.###(#########.##.....(##.....#..
...#..########## #...###..


You could see 3 jellies and 5 oozes.

Vanquished Creatures
  An adder (D:2)
  2 oozes (D:2)
  A leopard gecko (D:1)
  2 giant cockroaches (D:1)
  8 hobgoblins
  2 jackals (D:1)
  3 ball pythons
  8 bats
  5 frilled lizards
  8 goblins
  11 kobolds
  6 rats
57 creatures vanquished.

Vanquished Creatures (others)
  10 toadstools (D:2)
10 creatures vanquished.

Grand Total: 67 creatures vanquished

Notes
Turn   | Place    | Note
-------+----------+-------------------------------------------
     0 | D:1      | LairdRich the Minotaur Berserker began the quest for the Orb.
     0 | D:1      | Reached XP level 1. HP: 19/19 MP: 0/0
    88 | D:1      | Reached XP level 2. HP: 23/27 MP: 1/1
   354 | D:1      | Reached ** piety under Trog
   413 | D:1      | Reached XP level 3. HP: 30/33 MP: 2/2
  1474 | D:2      | Reached XP level 4. HP: 40/40 MP: 3/3
  1504 | D:2      | HP: 3/60 [acid (8)]
  1504 | D:2      | Slain by an ooze

Skill      XL: |  1  2  3 |
---------------+----------+-----
Axes           | 4 |  4.7
Fighting       | 4 |  4.2
Armour         | 3 |  3.2
Dodging        | |  2.9

Action                   |  1- 3 |  4- 6 || total
-------------------------+-------+-------++-------
Melee: Hand axe          |    80 |     8 ||    88
       Headbutt          |    11 |     1 ||    12
Throw: Tomahawk          |     1 |       ||     1
Invok: Berserk           |       |     1 ||     1
  Use: Scroll            |     2 |       ||     2
  Eat: Chunk             |     2 |       ||     2
Armor: Animal skin       |    12 |       ||    12
       Ring mail         |    11 |     2 ||    13
Dodge: Dodged            |    63 |     8 ||    71
